 Dungeon Crawl Stone Soup version 0.22.1-5-g62c59d919a (webtiles) character file.

625 Adamkad1 the Chucker (level 7, -11/67 HPs)
             Began as a Troll Hunter on Jan 14, 2019.
             Mangled by Eustachio
             ... wielding a +2 whip of electrocution
              (20 damage)
             ... on level 4 of the Dungeon.
             The game lasted 00:07:35 (4189 turns).

Adamkad1 the Chucker (Troll Hunter)                 Turns: 4189, Time: 00:07:36

Health: -11/67     AC:  5    Str: 23    XL:     7   Next: 23%
Magic:  6/6        EV: 10    Int:  7    God:
Gold:   261        SH:  3    Dex: 12    Spells: 6/6 levels left

rFire    . . .     SeeInvis .     - Unarmed
rCold    . . .     Gourm    +   (no shield)
rNeg     . . .     Faith    .   b - +0 robe
rPois    .         Spirit   .   (helmet restricted)
rElec    .         Reflect  +   (no cloak)
rCorr    .         Harm     .   (gloves unavailable)
MR       .....                  (boots unavailable)
Stlth    +.........             r - +3 amulet of reflection
HPRegen  0.61/turn              p - ring of wizardry
MPRegen  0.10/turn              B - +2 ring of strength

@: no status effects
A: large, unfitting armour, claws 3, fast metabolism 3, gourmand, regeneration
1, shaggy fur 1, tough skin 2
a: no special abilities


You were on level 4 of the Dungeon.
You were completely stuffed.

You visited 2 branches of the dungeon, and saw 5 of its levels.

You collected 261 gold pieces.

Inventory:

Hand Weapons
 a - a +0 short sword
Missiles
 c - 7 large rocks (quivered)
 d - a throwing net
 i - 219 stones
 x - 11 tomahawks of returning
 A - 6 tomahawks
Armour
 b - a +0 robe (worn)
Jewellery
 p - a ring of wizardry (left claw)
 r - a +3 amulet of reflection (around neck)
 B - a +2 ring of strength (right claw)
 E - an uncursed ring of fire {unknown}
Scrolls
 g - 3 scrolls of fog {unknown}
 h - 7 scrolls of identify {unknown}
 j - 6 scrolls of remove curse {unknown}
 n - 2 scrolls of fear {unknown}
 u - a scroll of teleportation {unknown}
 w - a scroll of enchant weapon {unknown}
 y - a scroll of immolation {unknown}
 z - a scroll of enchant armour {unknown}
 C - a scroll of amnesia {unknown}
Potions
 e - a potion of magic {unknown}
 k - a potion of might {unknown}
 l - 3 potions of lignification {unknown}
 m - 2 potions of curing
 o - 3 potions of degeneration {unknown}
 q - 2 potions of haste {unknown}
 s - a potion of invisibility {unknown}
 t - a potion of agility
 v - 2 potions of heal wounds {unknown}
Comestibles
 f - 10 rations
 D - 4 chunks of flesh


   Skills:
 * Level 3.6 Fighting
 * Level 5.1 Throwing
 + Level 1.8 Armour
 + Level 2.6 Dodging
 - Level 0.3 Stealth
 * Level 3.6 Unarmed Combat


You had 6 spell levels left.
You didn't know any spells.
Your spell library was empty.

Dungeon Overview and Level Annotations

Branches:
Dungeon (4/15)             Temple (1/1) D:4

Altars:
Ashenzari
Cheibriados
Dithmenos
Fedhas
Gozag
Hepliaklqana
Kikubaaqudgha
Makhleb
Nemelex Xobeh
Qazlal
Sif Muna
Trog
Uskayaw
Vehumet
Yredelemnul

Annotations:
D:4 Eustachio, Sigmund


Innate Abilities, Weirdness & Mutations

You are too large for most types of armour.
You have claws for hands.
Your metabolism is lightning-fast.
You like to eat raw meat.
Your natural rate of healing is unusually fast.
You are covered in fur. (AC +1)
You have very tough skin. (AC +2)


Message History

You scratch Eustachio but do no damage.
Eustachio is severely wounded.
The bat closely misses you. x3; Eustachio barely misses you.
You block the river rat's attack.
You barely miss Eustachio.
Eustachio is severely wounded.
The bat hits you but does no damage.
Eustachio hits you with a whip of electrocution!
* * * LOW HITPOINT WARNING * * *
Something hits you.
* * * LOW HITPOINT WARNING * * *
The river rat bites you.
* * * LOW HITPOINT WARNING * * *
You closely miss Eustachio.
Eustachio is severely wounded.
The bat hits you but does no damage.
Eustachio hits you with a whip of electrocution!
* * * LOW HITPOINT WARNING * * *
You are electrocuted!
You die...

## ####### ..
#......
#.#########
#.#####
#rr@@.....# #.#
#r.######.####.#
#b( #......# #.(
######## #.. <..
##.# ###########
#. ##..........
.....
#####...#######)


You could see Eustachio, 2 river rats, a quokka and a bat.

Vanquished Creatures
  An ice beast (D:3)
  2 ogres (D:4)
  A crimson imp (D:3)
  2 orc wizards (D:3)
  2 orc priests (D:3)
  Jessica (D:3)
  3 gnolls (D:3)
  6 adders
  2 oozes
  3 worms
  A dart slug (D:1)
  7 leopard geckos
  11 orcs
  2 ball pythons
  6 bats
  3 giant cockroaches
  6 goblins
  9 hobgoblins
  4 jackals (D:2)
  3 quokkas
  6 frilled lizards
  6 kobolds
  A leopard gecko skeleton (D:4)
  5 rats
  A plant (D:3)
94 creatures vanquished.

Vanquished Creatures (others)
  2 plants (D:3)
2 creatures vanquished.

Grand Total: 96 creatures vanquished

Notes
Turn   | Place    | Note
-------+----------+-------------------------------------------
     0 | D:1      | Adamkad1 the Troll Hunter began the quest for the Orb.
     0 | D:1      | Reached XP level 1. HP: 19/19 MP: 0/0
    80 | D:1      | Reached XP level 2. HP: 19/28 MP: 1/1
   361 | D:1      | Reached skill level 1 in Unarmed Combat
  1017 | D:2      | Reached XP level 3. HP: 35/35 MP: 2/2
  1173 | D:2      | Found a blossoming altar of Fedhas.
  1175 | D:2      | Found an ancient bone altar of Kikubaaqudgha.
  1333 | D:2      | Reached skill level 4 in Throwing
  1416 | D:2      | Reached XP level 4. HP: 42/42 MP: 3/3
  1938 | D:3      | Noticed an ice beast
  1962 | D:3      | Noticed Jessica
  2033 | D:3      | Killed Jessica
  2091 | D:3      | Reached skill level 1 in Armour
  2105 | D:3      | Reached XP level 5. HP: 36/50 MP: 4/4
  2456 | D:3      | Reached XP level 6. HP: 54/59 MP: 5/5
  2480 | D:3      | Killed an ice beast
  3349 | D:4      | Reached skill level 5 in Throwing
  3453 | D:4      | Reached XP level 7. HP: 67/67 MP: 6/6
  3523 | D:4      | Noticed Sigmund
  3770 | D:4      | Found a staircase to the Ecumenical Temple.
  3795 | Temple   | Entered the Ecumenical Temple
  4162 | D:4      | Noticed Eustachio
  4189 | D:4      | Mangled by Eustachio

Skill      XL: |  1  2  3  4  5  6 |
---------------+-------------------+-----
Unarmed Combat | 1 2 3 |  3.6
Fighting       | 2 3 |  3.6
Throwing       | 4 5 |  5.1
Dodging        | 2 |  2.6
Armour         | 1 |  1.8
Stealth        | |  0.3

Action                   |  1- 3 |  4- 6 |  7- 9 || total
-------------------------+-------+-------+-------++-------
Melee: Unarmed           |   104 |   167 |    38 ||   309
       Punch             |       |     2 |       ||     2
Throw: Large rock        |       |     6 |     8 ||    14
       Throwing net      |       |     1 |     1 ||     2
 Stab: Sleeping          |       |     1 |       ||     1
  Eat: Chunk             |    18 |    19 |     7 ||    44
Armor: Robe              |    34 |    61 |    14 ||   109
Dodge: Dodged            |    49 |    74 |    29 ||   152
Block: Other             |       |    10 |     2 ||    12
       Reflection        |       |     1 |       ||     1
